 Dungeon Crawl Stone Soup version 0.31.0-11-ge490571c62 (webtiles) character file.

Game seed: 3757383052647238945

1916 sanka the Basher (level 8, -3/70 (71) HPs)
             Began as a Minotaur Fighter on Feb 2, 2024.
             Was an Initiate of the Shining One.
             Slain by a wight
             ... wielding a +3 trident
              (6 damage)
             ... on level 7 of the Dungeon.
             The game lasted 00:05:10 (4830 turns).

sanka the Basher (Minotaur Fighter)                 Turns: 4830, Time: 00:05:10

HP:   -3/70 (71)    AC:  9    Str: 22    XL:     8   Next: 95%
MP:   7/7           EV:  9    Int:  5    God:    the Shining One [......]
Gold: 299           SH:  4    Dex: 11    Spells: 7/7 levels left

rFire   . . .        a - +0 morningstar
rCold   . . .        c - +0 buckler
rNeg    + . .        b - +0 scale mail
rPois   +            (helmet restricted)
rElec   .            s - +1 cloak {rPois}
rCorr   .            (no gloves)
SInv    +            (no boots)
Will    .....        x - amulet of faith Stlth
                     A - ring of positive energy
HPRegen 0.31/turn    j - ring of see invisible
MPRegen 0.10/turn

%: faith
@: glowing, lightly drained
A: horns 2, retaliatory headbutt
a: Renounce Religion


You were on level 7 of the Dungeon.
You worshipped the Shining One.
The Shining One was noncommittal.
You visited 2 branches of the dungeon, and saw 8 of its levels.

You collected 299 gold pieces.


Innate Abilities, Weirdness & Mutations

You have a pair of horns on your head.
You reflexively headbutt those who attack you in melee.


   Skills:
 + Level 6.4 Fighting
 - Level 12.0 Maces & Flails
 + Level 6.2 Armour
 - Level 3.6 Shields


You had 7 spell levels left.
You didn't know any spells.
Your spell library contained the following spells:

 Spells                   Type           Power      Damage    Failure   Level
 Apportation              Tloc           0%         N/A       85%         1
 Jinxbite                 Hex            0%         N/A       94%         2
 Passage of Golubria      Tloc           0%         N/A       100%        4
 Alistair's Intoxication  Alch           0%         N/A       100%        5
 Silence                  Hex/Air        0%         N/A       100%        5
 Summon Forest            Summ/Tloc      0%         N/A       100%        5
 Eringya's Noxious Bog    Alch           0%         4d6       100%        6
 Summon Hydra             Summ           0%         N/A       100%        7
 Lehudib's Crystal Spear  Conj/Erth      0%         10d2      100%        8

Inventory:

Hand Weapons
 a - a +0 morningstar (weapon)
Missiles
 l - 2 curare-tipped darts {=f}
Armour
 b - a +0 scale mail (worn)
 c - a +0 buckler (worn)
 s - a +1 cloak of poison resistance (worn)
Jewellery
 j - a ring of see invisible (right hand)
 x - an amulet of faith (around neck)
 A - a ring of positive energy (left hand)
Wands
 q - a wand of flame (5)
 y - a wand of charming (13)
Scrolls
 e - a scroll of brand weapon {unknown}
 f - 4 scrolls of identify {unknown}
 h - 3 scrolls of teleportation {unknown}
 m - a scroll of immolation {unknown}
 o - a scroll of silence {unknown}
 p - 2 scrolls of fog {unknown}
 t - 2 scrolls of revelation {unknown}
 B - a scroll of amnesia {unknown}
Potions
 d - a potion of might
 g - 2 potions of brilliance {unknown}
 i - 2 potions of attraction {unknown}
 k - 3 potions of degeneration {unknown}
 n - a potion of haste {unknown}
 r - 2 potions of enlightenment {unknown}
 u - a potion of berserk rage {unknown}
 v - a potion of heal wounds {unknown}
 w - a potion of magic {unknown}
 z - 4 potions of curing {unknown}

Dungeon Overview and Level Annotations

Branches:
Dungeon (7/15)             Temple (1/1) D:6

Altars:
Dithmenos
Elyvilon
Kikubaaqudgha
Makhleb
Nemelex Xobeh
Okawaru
Sif Muna
Trog
Uskayaw
Vehumet
Wu Jian
Xom
The Shining One

.....▒ ▒.▒ ▒▒▒'▒▒ ▒.▒
▒▒▒'▒▒▒▒▒ ▒.▒ ........▒
▒.▒ ........▒
▒.▒▒▒▒▒▒▒▒▒▒▒ ........▒
▒.▒.........▒
+▒▒.▒▒▒▒▒▒▒.▒.........▒
▒.........▒..)......▒
▒▒▒▒▒▒▒......)Hz....▒
▒.......).....▒≈
▒.............▒≈
▒....▒▒▒▒▒▒▒▒.▒ ......▒
▒ ▒▒▒▒▒▒▒▒


You could see a wight.


Message History

The wight hits you with a +0 battleaxe!
* * * LOW HITPOINT WARNING * * *
Unknown command.
You hit the wight.
You destroy the wight!
The Shining One accepts your kill. You block the wight's attack.
The wight hits you with a +0 battleaxe.
* * * LOW HITPOINT WARNING * * *
You partially resist.
You feel drained.
You sock the wight! You headbutt the wight.
You destroy the wight!
The Shining One accepts your kill.
The wight hits you from afar with a +3 trident.
* * * LOW HITPOINT WARNING * * *
The wight barely misses you. You furiously retaliate!
You headbutt the wight. You barely miss the wight.
The wight is lightly damaged.
The wight hits you with a +3 trident!
* * * LOW HITPOINT WARNING * * *
You hit the wight.
The wight is moderately damaged.
You barely miss the wight.
The wight is moderately damaged.
The wight hits you with a +3 trident.
You die...

Action                     |  1- 3 |  4- 6 |  7- 9 || total
---------------------------+-------+-------+-------++-------
  Melee: Flail             |    63 |    69 |       ||   132
         Headbutt          |     9 |    16 |    23 ||    48
         Morningstar       |       |    57 |   143 ||   200
 Armour: Scale mail        |    45 |    94 |   112 ||   251
  Dodge: Dodged            |    45 |    48 |    64 ||   157
  Block: Buckler           |    10 |    44 |    30 ||    84

Levels and vault maps discovered:
D:1:      co_arrival_hall_of_pillars, layout_basic
D:2:      minmay_evil_eye, layout_loops_ring,
          hellmonk_ecumenical_altar_leap_of_faith
D:3:      layout_rooms, grunt_temple_overflow_champion_of_chaos
D:4:      layout_cave_pods, bh_walls_and_bars, uniq_sigmund
D:5:      layout_gridville, st_stairs_14, minmay_misc_feat_rugged,
          kennysheep_cluttered_room
D:6:      layout_rooms, mainiacjoe_overflow_swirl,
          minmay_temple_entry_butterflies
D:7:      layout_basic, serial_aquarium, aquarium_bridge_square
          [aquarium_subvault_wall, aquarium_subvault_wall,
          aquarium_subvault_wall, aquarium_subvault_bridge], aquarium_window_1,
          aquarium_window_1, aquarium_view_2e, aquarium_balcony_5a,
          uniq_menkaure, uniq_maggie, uniq_pikel
Temple:   hellmonk_temple_rainy

Notes
Turn   | Place    | Note
-------+----------+-------------------------------------------
     0 | D:1      | sanka the Minotaur Fighter began the quest for the Orb.
     0 | D:1      | Reached XP level 1. HP: 19/19 MP: 0/0
   162 | D:1      | Reached skill level 4 in Fighting
   162 | D:1      | Reached skill level 3 in Maces & Flails
   162 | D:1      | Reached XP level 2. HP: 23/27 MP: 1/1
   829 | D:2      | Reached skill level 4 in Maces & Flails
   847 | D:2      | Reached XP level 3. HP: 33/33 MP: 2/2
  1181 | D:2      | Reached skill level 5 in Maces & Flails
  1181 | D:2      | Reached XP level 4. HP: 40/40 MP: 3/3
  1333 | D:2      | Found a faded altar of an unknown god.
  1796 | D:3      | Reached skill level 6 in Maces & Flails
  1850 | D:3      | Found a shimmering altar of Xom.
  1850 | D:3      | Found a burning altar of Makhleb.
  1853 | D:3      | Reached XP level 5. HP: 46/46 MP: 4/4
  2337 | D:4      | Noticed Sigmund
  2354 | D:4      | Killed Sigmund
  2355 | D:4      | Reached skill level 8 in Maces & Flails
  2355 | D:4      | Reached XP level 6. HP: 40/52 MP: 5/5
  2869 | D:5      | Entered Level 5 of the Dungeon
  3015 | D:5      | Reached skill level 9 in Maces & Flails
  3051 | D:5      | Reached XP level 7. HP: 48/59 MP: 6/6
  3245 | D:5      | Reached skill level 10 in Maces & Flails
  3372 | D:5      | Reached skill level 11 in Maces & Flails
  3372 | D:5      | Reached XP level 8. HP: 64/66 MP: 7/7
  3922 | D:6      | Reached skill level 12 in Maces & Flails
  3933 | D:6      | Reached skill level 4 in Armour
  4127 | D:6      | Reached skill level 5 in Fighting
  4168 | D:6      | Reached skill level 5 in Armour
  4196 | D:6      | Found a staircase to the Ecumenical Temple.
  4225 | Temple   | Entered the Ecumenical Temple
  4486 | D:6      | Found a bloodstained altar of Trog.
  4495 | D:6      | Found a glowing golden altar of the Shining One.
  4562 | D:6      | Became a worshipper of the Shining One
  4614 | D:7      | Reached skill level 6 in Fighting
  4820 | D:7      | Reached skill level 6 in Armour
  4828 | D:7      | HP: 2/70 [wight/+3 trident (8)]
  4830 | D:7      | Slain by a wight

Vanquished Creatures
  Sigmund (D:4)
  An ice beast (D:5)
  2 ogres (D:5)
  2 black bears
  A centaur (D:5)
  A phantom (D:6)
  A bullfrog (D:6)
  6 wights (D:7)
  A howler monkey (D:5)
  6 hounds
  A crimson imp (D:3)
  A bombardier beetle (D:4)
  An orc priest (D:6)
  2 jellies (D:6)
  4 iguanas
  An orc wizard (D:6)
  A sleepcap (D:6)
  16 adders
  A white imp (D:6)
  A ribbon worm (D:2)
  3 dart slugs
  10 orcs
  5 ball pythons
  6 bats
  10 endoplasms
  4 giant cockroaches
  4 goblins
  5 hobgoblins
  16 jackals
  7 kobolds
  A quokka (D:4)
  3 frilled lizards
  2 rats
127 creatures vanquished.
